 Dungeon Crawl Stone Soup version 0.30-b1-2-g02819fbbbe (webtiles) character file.

Game seed: 7003489085523762426

1695 dorian the Cleaver (level 9, -1/71 HPs)
             Began as a Formicid Gladiator on May 18, 2023.
             Was a High Priest of Ignis.
             Slain by Maggie
             ... wielding a +0 heavy scimitar
              (15 damage)
             ... on level 6 of the Dungeon.
             The game lasted 00:07:52 (5755 turns).

dorian the Cleaver (Formicid Gladiator)             Turns: 5755, Time: 00:07:53

Health: -1/71      AC:  6    Str: 24    XL:     9   Next: 22%
Magic:  9/9        EV: 17    Int:  7    God:    Ignis [*****.]
Gold:   258        SH:  0    Dex: 15    Spells: 8/8 levels left

rFire   + . .        u - +2 trident (vamp)
rCold   . . .        (no shield)
rNeg    . . .        w - +3 leather armour {rPois}
rPois   +            (helmet unavailable)
rElec   .            (no cloak)
rCorr   .            (no gloves)
SInv    +            (no boots)
Will    .....        (no amulet)
Stlth   +            k - +5 ring of evasion
HPRegen 0.31/turn    (no ring)
MPRegen 0.11/turn

%: no passive effects
@: mesmerised
A: permanent stasis, dig shafts and tunnels, antennae 3, four strong arms
a: Dig, Shaft Self, Renounce Religion, Fiery Armour, Foxfire Swarm, Rising Flame


You were on level 6 of the Dungeon.
You worshipped Ignis.
Ignis was extremely pleased with you.
You visited 1 branch of the dungeon, and saw 6 of its levels.

You collected 258 gold pieces.

Inventory:

Hand Weapons
 a - a +1 war axe
 u - a +2 vampiric trident (weapon)
Missiles
 c - 4 throwing nets
 d - a javelin
 m - 2 boomerangs (quivered)
Armour
 b - a +0 leather armour
 j - a +0 ring mail
 q - a +0 plate armour
 w - a +3 leather armour of poison resistance (worn)
Jewellery
 k - a +5 ring of evasion (left hand)
 o - a ring of ice
Wands
 s - a wand of flame (25)
Scrolls
 e - 2 scrolls of fog
 l - a scroll of enchant weapon
 n - a scroll of amnesia
 r - a scroll of noise
Potions
 f - a potion of magic
 g - 3 potions of mutation
 h - a potion of might
 i - 4 potions of attraction
 p - 2 potions of ambrosia
 t - 3 potions of heal wounds {unknown}
 v - a potion of invisibility {unknown}
 x - a potion of curing {unknown}


   Skills:
 + Level 6.4 Fighting
 * Level 8.6 Axes
 - Level 2.0 Throwing
 * Level 5.7 Armour
 - Level 2.6 Dodging


You had 8 spell levels left.
You didn't know any spells.
Your spell library contained the following spells:

 Spells                   Type           Power      Damage    Failure   Level
 Lesser Beckoning         Tloc           0%         N/A       61%         2
 Momentum Strike          Conj/Tloc      0%         3d8       61%         2
 Chain Lightning          Conj/Air       0%         N/A       100%        9
 Fire Storm               Conj/Fire      0%         5d1       100%        9
 Shatter                  Erth           0%         3d5*      100%        9
 Blink                    Tloc           Unusable   N/A       N/A         2

Dungeon Overview and Level Annotations

Branches:
Dungeon (6/15)             Temple (0/1) D:4

Altars:
Ashenzari
Dithmenos
Nemelex Xobeh
Okawaru
Qazlal
Trog
Wu Jian
Zin
Ignis

Shops:
D:3 (

Annotations:
D:4 1 runed translucent door, Crazy Yiuf
D:6 Maggie


Innate Abilities, Weirdness & Mutations

You cannot be hasted, slowed, berserked, paralysed or teleported.
You can dig through walls and to a lower floor.
You have a pair of large antennae on your head. (SInv)
Your four strong arms can wield two-handed weapons with a shield.


Message History

Maggie completely misses you.
You puncture Maggie!
You feel better.
Maggie is heavily wounded.
Maggie hits you with a +0 heavy scimitar.
You hit Maggie.
You feel better.
Maggie is severely wounded.
You hit Maggie.
Maggie is severely wounded.
Maggie mumbles some strange words.
Maggie draws you further into her thrall.
You hit Maggie but do no damage.
Maggie is severely wounded.
Maggie casts a spell at you. The bolt of fire hits you! You resist.
You hit Maggie but do no damage.
Maggie is severely wounded.
Maggie gestures at you while chanting. The bolt of fire hits you! You resist.
You hit Maggie.
Maggie is severely wounded.
Maggie points at you and mumbles some strange words.
The bolt of fire hits you! You resist.
You are too injured to fight recklessly!
You are too injured to fight recklessly!
You are too injured to fight recklessly!
You are too injured to fight recklessly!
You are too injured to fight recklessly!
You are too injured to fight recklessly!
You puncture Maggie!
Maggie is almost dead.
Maggie gestures at you while chanting. The bolt of fire misses you.
You puncture Maggie!
Maggie is almost dead.
Maggie hits you with a +0 heavy scimitar!
* * * LOW HITPOINT WARNING * * *
You barely miss Maggie.
Maggie is almost dead.
Maggie hits you with a +0 heavy scimitar!
You die...

# #.. #. #..
###.######..
..)#.....#...
#.........##..
##..........##.#
########...
...........'
......@$.#
.#####.#### #@#
#+#...#'# #.
#.#####.......####
#'#.#...........#
###...##.........##
#......+.........+
#......##.......##
###.......#.......#
#.'.......####'####
#.#.......#.......#


You could see Maggie (mesmerising).

Vanquished Creatures
  Eustachio (D:5)
  4 ice beasts
  A sky beast (D:6)
  A centaur (D:6)
  2 phantoms
  A scorpion (D:6)
  A gnoll sergeant (D:4)
  2 hounds
  2 jellies (D:6)
  4 orc priests
  3 sleepcaps (D:4)
  Natasha (thrice) (D:3)
  An iguana (D:6)
  An orc wizard (D:6)
  Robin (D:3)
  12 gnolls
  8 adders
  A shadow imp (D:6)
  An ufetubus (D:6)
  2 dart slugs
  9 orcs
  8 endoplasms
  2 giant cockroaches
  17 goblins
  13 hobgoblins
  11 kobolds
  2 quokkas
  4 ball pythons
  5 bats
  A frilled lizard (D:2)
  4 rats
128 creatures vanquished.

Notes
Turn   | Place    | Note
-------+----------+-------------------------------------------
     0 | D:1      | dorian the Formicid Gladiator began the quest for the Orb.
     0 | D:1      | Reached XP level 1. HP: 16/16 MP: 1/1
   238 | D:1      | Found a faded altar of an unknown god.
   246 | D:1      | Reached XP level 2. HP: 18/23 MP: 2/2
   252 | D:1      | Prayed at the altar of an unknown god.
   252 | D:1      | Became a worshipper of Ignis, the Dying Flame
   746 | D:1      | Reached XP level 3. HP: 25/28 MP: 3/3
  1019 | D:2      | Reached skill level 4 in Axes
  1226 | D:2      | Reached XP level 4. HP: 34/35 MP: 4/4
  2119 | D:3      | Reached XP level 5. HP: 41/41 MP: 5/5
  2300 | D:3      | Noticed Natasha
  2303 | D:3      | Killed Natasha
  2304 | D:3      | Reached skill level 5 in Axes
  2320 | D:3      | Noticed Natasha
  2325 | D:3      | Killed Natasha
  2344 | D:3      | Found a bloodstained altar of Trog.
  2392 | D:3      | Noticed Natasha
  2399 | D:3      | Killed Natasha
  2400 | D:3      | Reached XP level 6. HP: 27/48 MP: 6/6
  2720 | D:3      | Found Syumpoix's Weapon Shoppe.
  2752 | D:3      | Noticed Robin
  2773 | D:3      | Killed Robin
  2922 | D:4      | Found an iron altar of Okawaru.
  2965 | D:4      | Found a runed translucent door.
  2966 | D:4      | Noticed Crazy Yiuf
  3008 | D:4      | Found a broken altar of Ashenzari.
  3136 | D:4      | Reached skill level 6 in Axes
  3166 | D:4      | Found a shadowy altar of Dithmenos.
  3180 | D:4      | Reached XP level 7. HP: 55/55 MP: 7/7
  3530 | D:4      | Found a staircase to the Ecumenical Temple.
  3826 | D:5      | Entered Level 5 of the Dungeon
  3863 | D:5      | Reached skill level 5 in Fighting
  3863 | D:5      | Reached skill level 1 in Armour
  3986 | D:4      | HP: 1/56 [gnoll sergeant/+2 vampiric trident (5)]
  3989 | D:4      | Reached skill level 7 in Axes
  4236 | D:5      | Found a sparkling altar of Nemelex Xobeh.
  4294 | D:5      | Found an ornate altar of the Wu Jian Council.
  4294 | D:5      | Found a glowing silver altar of Zin.
  4386 | D:5      | Reached XP level 8. HP: 62/62 MP: 8/8
  4632 | D:5      | Noticed Eustachio
  4666 | D:5      | Killed Eustachio
  4819 | D:5      | Found a stormy altar of Qazlal.
  5086 | D:6      | Reached skill level 8 in Axes
  5250 | D:6      | Reached skill level 5 in Armour
  5250 | D:6      | Reached XP level 9. HP: 10/69 MP: 9/9
  5734 | D:6      | Noticed Maggie
  5755 | D:6      | Slain by Maggie

Illustrated notes

Levels and vault maps discovered:
D:1:      minmay_arrival_arboretum_small, layout_basic,
          hellmonk_ecumenical_altar_crossroads, minmay_misc_feat_roman
D:2:      layout_loops_corners
D:3:      layout_loops_ring, mainiacjoe_overflow_tiny_flanked, serial_shops,
          nicolae_shop_advertising_works [nicolae_subvault_shop_adworks],
          uniq_natasha, uniq_robin
D:4:      layout_basic, kennysheep_okawaru_gauntlet,
          nicolae_dithmenos_shadow_blocks, mainiacjoe_overflow_boulevard,
          minmay_temple_entry_poolview, uniq_crazy_yiuf_cottage
D:5:      layout_loops_ring, mainiacjoe_overflow_paths,
          mainiacjoe_overflow_divided_tiny, kennysheep_little_box,
          uniq_eustachio
D:6:      nicolae_cairo_tiling_very_big, layout_gridville, portal_sewer_entry_e,
          uniq_maggie

Skill      XL: |  1  2  3  4  5  6  7  8 |
---------------+-------------------------+-----
Axes           | 4 5 6 7 8 |  8.6
Fighting       | 3 4 5 6 |  6.4
Armour         | 2 5 |  5.7
Throwing       | |  2.0
Dodging        | |  2.6

Action                     |  1- 3 |  4- 6 |  7- 9 || total
---------------------------+-------+-------+-------++-------
  Melee: War axe           |    89 |   139 |    57 ||   285
         Punch             |     2 |       |     2 ||     4
         Trident           |       |       |   187 ||   187
  Throw: Boomerang         |       |     3 |     1 ||     4
         Throwing net      |       |     1 |       ||     1
  Evoke: Wand              |       |       |     3 ||     3
    Use: Scroll            |       |     6 |     5 ||    11
   Stab: Sleeping          |       |       |     1 ||     1
 Armour: Leather armour    |    27 |     8 |    19 ||    54
         Ring mail         |       |    20 |     4 ||    24
         Plate armour      |       |       |    34 ||    34
  Dodge: Dodged            |    60 |   144 |   125 ||   329
